[Event "FIDE WSTC Open 50 2025"]
[Site "Prague"]
[Date "2025.02.24"]
[Round "7.8"]
[White "Emms, John M"]
[Black "Lipka, Juraj"]
[Result "1/2-1/2"]
[Annotator "TA"]
[ECO "C08"]
[WhiteElo "2409"]
[BlackElo "2348"]
[PlyCount "103"]
[EventDate "2025.02.17"]
[EventType "team-tourn"]
[EventCountry "CZE"]
[SourceTitle "playchess.com"]
[Source "ChessBase"]
[SourceQuality "1"]
[TimeControl "40/5400+30:1800+30"]

1. e4 e6 2. d4 d5 3. Nd2 c5 4. exd5 exd5 5. Bb5+ Nc6 6. Ngf3 Bd6 7. dxc5 Bxc5 8. O-O Nge7 9. Nb3 Bd6 10. Re1 O-O 11. Bd3 h6 12. h3 Bf5 {[%emt 0:01:36] C09: French Tarrasch: 3...c5 4 exd5 exd5 5 Ngf3 Nc6.} 13. c3 Qd7 14. Be3 Rfe8 {[%emt 0:03:54] White is slightly better.} 15. Bc5 Bc7 16. Bxf5 $146 (16. Nbd4 Bxd3 17. Qxd3 Ng6 18. Qf5 Qxf5 19. Nxf5 Nf4 20. Rxe8+ Rxe8 21. Rd1 Re2 22. b4 Rxa2 {0-1 Jaracz,P (2542)-Gontcharov,V (2359) Internet Section 11B g/8'+2" blitz 2004 (3)}) 16... Nxf5 17. Qd3 b6 18. Bd4 Re6 19. Rxe6 fxe6 20. Re1 Re8 21. Ne5 Bxe5 22. Bxe5 Nxe5 23. Rxe5 Nd6 24. Nd2 Nf7 25. Re1 e5 26. Nf1 Rd8 27. a3 Qa4 28. Ne3 Qb3 $2 (28... Qc6 $1 $14) 29. Qg6 $2 ({Only move:} 29. Nf5 $18 {Black must now prevent Qg3.} Re8 30. Qg3) 29... Rd6 $1 $11 30. Qg4 {[%emt 0:00:03] [#]} g6 31. Qe2 Kg7 (31... d4 $11 32. cxd4 exd4) 32. Ng4 $36 {[%emt 0:01:37][%mdl 2048] White has the initiative.} Re6 33. f4 Qc4 (33... e4 34. Qf2 $16) 34. Qxc4 (34. Nxe5 Qxf4 35. Qf3 Qxf3 36. Nxf3 Rxe1+ 37. Nxe1 Nd6 $18) (34. fxe5 h5 35. Qxc4 dxc4 $15) 34... dxc4 35. Nxe5 $16 {[%emt 0:01:35][%mdl 4096] Endgame KRN-KRN. White is a pawn up.} (35. fxe5 $6 h5 36. Nf2 Nxe5 $11) 35... g5 {[%emt 0:00:53] [#]} 36. Kf2 $1 Rf6 37. g3 (37. Nxc4 Rxf4+ 38. Kg1 Rxc4 $19) 37... gxf4 38. Nxc4 {[%emt 0:00:12] White is more active.} fxg3+ 39. Kxg3 Rg6+ 40. Kf2 Rf6+ 41. Ke2 Ng5 42. h4 Nh3 43. Rf1 (43. Kd3 $16) 43... Nf4+ $14 44. Kd2 Ng2 (44... Kg6 $1 $11 {deserves consideration.}) 45. Rxf6 ({White should try} 45. Rg1 $14 Rg6 46. h5) 45... Kxf6 {[%emt 0:00:05] KN-KN. White is a pawn up. The position is equal.} 46. Nd6 Nxh4 47. Nc8 Nf3+ 48. Ke2 Ne5 49. Nxa7 Nc4 50. Nc8 Ke6 51. Kf3 Kd7 52. Nxb6+ {[%emt 0:01:01] Weighted Error Value: White=0.15 (very precise) /Black=0.16 (very precise)   Loses game:     	---       	Black=1      Missed win:     	White=1     	---        Mistake:       	White=2     	Black=2      Inaccurate:     	White=2     	Black=3      OK:         	White=15    	Black=17     Best:        	White=2     	Black=1      Strong:       	White=1     	Black=1} 1/2-1/2

[Event "FIDE WSTC Open 50 2025"]
[Site "Prague"]
[Date "2025.02.24"]
[Round "7.9"]
[White "Polak, Tomas"]
[Black "Kazhgaleyev, Murtas"]
[Result "1/2-1/2"]
[Annotator "TA"]
[ECO "B32"]
[WhiteElo "2463"]
[BlackElo "2495"]
[PlyCount "49"]
[EventDate "2025.02.17"]
[EventType "team-tourn"]
[EventCountry "CZE"]
[SourceTitle "playchess.com"]
[Source "ChessBase"]
[SourceQuality "1"]
[TimeControl "40/5400+30:1800+30"]

1. e4 c5 2. Nf3 Nc6 3. d4 cxd4 4. Nxd4 Qb6 5. Nb3 e6 6. Bd3 Nf6 7. O-O d5 {[%emt 0:05:32] B32: Sicilian: Löwenthal and Kalashnikov Variations.} 8. exd5 Nxd5 9. c4 Nf6 {[%emt 0:00:49] White is slightly better.} 10. Nc3 Be7 11. Bf4 O-O 12. c5 $146 (12. Qe2 Nd4 13. Nxd4 Qxd4 14. Be5 Qc5 15. Rad1 Rd8 16. Bxf6 gxf6 17. Bxh7+ Kf8 18. Ne4 Qe5 19. Qg4 {1-0 Riff,J (2506)-Schlosser,P (2539) FRA-chT Top 12 2016 (5.7)}) 12... Qd8 13. Bc4 e5 14. Bg3 Bf5 15. Qe2 Re8 16. Rad1 ({Reject} 16. Bxe5 Bxc5 17. Bxf6 Qxf6 $17) 16... Qc8 17. Nb5 (17. Bxe5 $2 {perishes.} Bf8 18. f4 Bg4 $19) 17... a6 {[%emt 0:01:03] The position is equal.} 18. Nd6 Bxd6 19. Rxd6 Ne4 {[%emt 0:01:16] A dynamic duo of knights.} 20. Rd5 Nxg3 21. hxg3 Bg4 22. Qe4 Bf5 23. Qe2 Bg4 24. Qe4 Bf5 25. Qe2 {Weighted Error Value: White=0.06 (flawless) /Black=0.04 (flawless)   Inaccurate:     	White=1     	Black=1      OK:         	White=9     	Black=11     Best:        	---       	Black=1} 1/2-1/2

[Event "FIDE WSTC Open 50 2025"]
[Site "Prague"]
[Date "2025.02.24"]
[Round "7.10"]
[White "Kotsur, Pavel"]
[Black "Obsivac, Josef"]
[Result "1-0"]
[Annotator "TA"]
[ECO "B47"]
[WhiteElo "2478"]
[BlackElo "2262"]
[PlyCount "65"]
[EventDate "2025.02.17"]
[EventType "team-tourn"]
[EventCountry "CZE"]
[SourceTitle "playchess.com"]
[Source "ChessBase"]
[SourceQuality "1"]
[TimeControl "40/5400+30:1800+30"]

1. e4 c5 2. Nf3 Nc6 3. Nc3 e6 4. d4 cxd4 5. Nxd4 Qc7 6. Be2 a6 7. O-O Nf6 8. Be3 Be7 9. f4 d6 10. Qe1 Nxd4 11. Bxd4 O-O 12. Qg3 b5 13. a3 Bb7 14. Rae1 {[%emt 0:00:36] A sharp opening} Rad8 {[%emt 0:03:34] B85: Sicilian Scheveningen: 6 Be2 a6, lines with early Be3.} 15. Kh1 Rd7 16. Bd3 Qd8 {[%emt 0:03:06] The position is equal.} 17. Qh3 g6 (17... Re8 $14) 18. f5 $16 {[%emt 0:01:44] White has more active pieces.} e5 {[%emt 0:02:57] [#]} 19. Be3 Nh5 20. Bh6 Re8 21. a4 Bc6 $146 ({Predecessor:} 21... Bf8 22. Bxf8 Rxf8 23. axb5 axb5 24. f6 d5 25. Be2 Nf4 26. Rxf4 exf4 27. e5 Kh8 {½-½ Kamsky,G (2725)-Stellwagen,D (2612) Corus Wijk aan Zee 2009 (7)}) 22. axb5 axb5 23. Bxb5 Bxb5 24. Nxb5 d5 (24... Bf8 $142) 25. fxg6 (25. exd5 $18 Rxd5 26. Qb3) 25... hxg6 26. Qf3 ({Better is} 26. exd5 $16 {[%cal Of1f7] And now Rxf7! would win.} Rxd5 27. Nc3) 26... Bh4 27. g3 dxe4 28. Rxe4 Bg5 {[%emt 0:02:08] [#] A mistake that costs the game.} (28... Re6 $14) 29. Nd6 $1 $18 (29. Bxg5 $6 Qxg5 $16) 29... Rf8 $2 {[%emt 0:15:09] Black is weak on the light squares} ({Don't play} 29... Rxd6 30. Qxf7+ Kh8 31. Bxg5) (29... Bxh6 {is tougher.} 30. Nxf7 (30. Nxe8 $2 {loses.} Qxe8 31. Rfe1 Re7 $19) 30... Qc7 31. Nxh6+ Kh7) 30. Bxf8 {[%emt 0:01:15] White is clearly winning.} Qxf8 31. Nc4 Bf6 32. g4 Nf4 33. Nxe5 {[%emt 0:00:03] Weighted Error Value: White=0.17 (very precise) /Black=0.73  Loses game:     	---       	Black=1      Mistake:       	White=2     	Black=3      Inaccurate:     	---       	Black=2      OK:         	White=8     	Black=3      Best:        	White=2     	Black=1      Strong:       	White=1     	---} 1-0

[Event "FIDE WSTC Open 50 2025"]
[Site "Prague"]
[Date "2025.02.24"]
[Round "7.11"]
[White "Holemar, David"]
[Black "Temirbayev, Serikbay"]
[Result "1/2-1/2"]
[Annotator "TA"]
[ECO "E77"]
[WhiteElo "2150"]
[BlackElo "2372"]
[PlyCount "44"]
[EventDate "2025.02.17"]
[EventType "team-tourn"]
[EventCountry "CZE"]
[SourceTitle "playchess.com"]
[Source "ChessBase"]
[SourceQuality "1"]
[TimeControl "40/5400+30:1800+30"]

1. d4 {[%emt 0:00:02] Marin,Mihail} Nf6 2. c4 g6 3. Nc3 Bg7 4. e4 d6 5. f4 c5 6. d5 O-O 7. Nf3 e6 8. Be2 exd5 9. cxd5 Bg4 10. O-O Nbd7 11. a4 (11. h3 $14 Bxf3 12. Bxf3 (12. Rxf3 Qe7 $11)) 11... a6 {[%emt 0:17:52] A68: Modern Benoni: Four Pawns Attack without 9...Re8.} 12. h3 Bxf3 13. Bxf3 {[%emt 0:00:07] OK:         	---       	Black=1      Best:        	White=1     	---} ({Reject} 13. Rxf3 Qe7 $11) {Predecessor:} 13... Rb8 $146 14. a5 Ne8 15. Qd3 Nc7 16. Bd2 b5 17. axb6 Nxb6 18. Be3 Nd7 19. Rf2 Re8 20. e5 dxe5 21. f5 c4 22. Qxc4 gxf5 {0-1 Adly,A (2631)-Grischuk,A (2746) WchT 8th Ningbo 2011 (5.1)} 1/2-1/2

[Event "FIDE WSTC Open 50 2025"]
[Site "Prague"]
[Date "2025.02.24"]
[Round "7.12"]
[White "Tikzhanov, Yerlan"]
[Black "Skacelik, Petr"]
[Result "1-0"]
[Annotator "TA"]
[ECO "B31"]
[WhiteElo "2323"]
[BlackElo "2132"]
[PlyCount "85"]
[EventDate "2025.02.17"]
[EventType "team-tourn"]
[EventCountry "CZE"]
[SourceTitle "playchess.com"]
[Source "ChessBase"]
[SourceQuality "1"]
[TimeControl "40/5400+30:1800+30"]

1. e4 c5 2. Nf3 Nc6 3. Bb5 g6 4. Bxc6 dxc6 5. d3 Bg7 6. O-O Nf6 7. a4 {[%emt 0:00:32] B31: Sicilian: 2...Nc6 3 Bb5 g6.} a5 8. Be3 Nd7 9. Qc1 {[%emt 0:00:50] White is slightly better.} h6 10. Na3 e5 11. Nc4 Qc7 $146 {[%emt 0:01:27] Prevents Nd6+} ({Predecessor:} 11... Qe7 12. Re1 Nf8 13. Nb6 Rb8 14. Qd2 Bg4 15. Qxa5 Bxf3 16. gxf3 Ne6 17. Nc4 f5 18. exf5 gxf5 {1-0 Wafa,H (2065)-Stanisz,P (2161) Titled Tuesday intern op 02nd May Late blitz 2023 (6)}) 12. Qd2 b6 13. h3 Nf8 {[%emt 0:04:34] [#] White now steadily converts the win.} (13... Ba6 $11) 14. b4 $1 $16 Ne6 15. bxa5 bxa5 16. Rab1 {[%emt 0:02:34] White is much more active.} g5 (16... Nd4 $16 17. Nh2 Ba6) 17. Nb6 $18 {[%emt 0:04:29] A dynamic duo of knights.} Ra6 18. Nxc8 Qxc8 19. Qc3 O-O 20. Bxc5 (20. Nxe5 Re8 $14) 20... Nxc5 21. Qxc5 Qc7 {[%emt 0:00:21] Black is weak on the light squares} 22. Rb3 Rb8 23. Rfb1 Rxb3 24. Rxb3 Bf6 25. g3 Kg7 26. Kg2 h5 27. c3 g4 28. hxg4 hxg4 29. Nh2 Qc8 30. Qc4 Ra7 31. Rb6 Rc7 32. Ra6 Kg6 33. Rxa5 c5 34. Ra6 Kg5 {[%emt 0:00:15] [#]} 35. f4+ $1 gxf3+ 36. Nxf3+ Kg6 37. Nxe5+ Kg7 38. Nf3 Rb7 {[%emt 0:00:19] And now ...Rb2+ would win.} 39. Kf2 Qg4 $2 (39... Qc7) 40. Qd5 $2 ({White must play} 40. Rxf6 $18 Kxf6 41. Qa6+ (41. Qxc5 Rb2+ 42. Ke3 Qxg3 $18) 41... Kg7 42. Qxb7) 40... Rd7 (40... Rb2+ $11 41. Ke3 Qxg3) 41. Qc6 (41. Qxc5 Rxd3 42. Qf5 Qxf5 43. exf5 Rxc3 $16) 41... Bg5 42. Nxg5 Qxg5 43. Qxd7 {[%emt 0:00:34] Weighted Error Value: White=0.31/Black=0.76  Loses game:     	---       	Black=1      Missed win:     	White=1     	---        Mistake:       	---       	Black=3      Inaccurate:     	White=1     	Black=3      OK:         	White=15    	Black=8      Best:        	---       	Black=2      Brilliant:      	White=1     	---} 1-0

[Event "FIDE WSTC Open 50 2025"]
[Site "Prague"]
[Date "2025.02.24"]
[Round "7.13"]
[White "Van der Werf, Mark"]
[Black "Hjartarson, Johann"]
[Result "0-1"]
[Annotator "TA"]
[ECO "E49"]
[WhiteElo "2416"]
[BlackElo "2464"]
[PlyCount "80"]
[EventDate "2025.02.17"]
[EventType "team-tourn"]
[EventCountry "CZE"]
[SourceTitle "playchess.com"]
[Source "ChessBase"]
[SourceQuality "1"]
[TimeControl "40/5400+30:1800+30"]

1. d4 Nf6 2. c4 e6 3. Nc3 Bb4 4. e3 O-O 5. Bd3 d5 6. a3 Bxc3+ 7. bxc3 dxc4 8. Bxc4 c5 9. Nf3 Qc7 10. Be2 b6 {[%emt 0:00:31] E53: Nimzo-Indian: Rubinstein: Main Line (4...0-0 5 Nf3 d5 6 Bd3 c5 7 0-0).} 11. Bb2 Bb7 12. c4 Nbd7 {[%emt 0:00:13][%cal Bb8d7,Bd7f8,Bf8g6,Bg6h4][%mdl 32] The position is equal.} 13. O-O Rac8 14. Rc1 Rfd8 15. h3 Nf8 16. Re1 Ng6 17. a4 Ne4 $146 (17... cxd4 18. exd4 Qf4 19. Qb3 Ne4 20. Rc2 Qf5 21. Bf1 Ng5 22. Nxg5 Qxg5 23. Re3 Bc6 {1-0 Salem,A (2690)-Hakobyan,A (2615) Sharjah Masters 5th 2022 (3)}) 18. Nd2 Nxd2 19. Qxd2 Nh4 20. Bf1 f6 21. Qe2 Qf7 22. Qg4 {[%emt 0:02:45] Prevents Qg6} g5 {[%emt 0:00:39] [#]} 23. d5 exd5 $14 24. cxd5 Bxd5 25. e4 Be6 26. Qg3 {[%emt 0:00:20][%mdl 1024] and f4 would now be decisive White has compensation.} h6 {[%emt 0:09:10] [#]} (26... Ng6 $14) 27. f4 $1 $16 Kh7 (27... Rd2 $16 {was called for.} 28. Qc3 Rxb2 29. Qxb2 gxf4) 28. Bc3 Rf8 29. Bd3 {[%emt 0:14:28] A strong pair of Bishops.} (29. f5 $18 {and White stays clearly on top.} Bc4 30. Bxc4 (30. Bxf6 $2 Bxf1 31. Rxf1 Qxf6 $19) 30... Qxc4 31. Bxf6 Qxa4 32. Ra1) 29... Rcd8 (29... c4 30. Bc2 Qc7) 30. Bc2 Qc7 31. e5+ {[%emt 0:05:30] White has a king side majority} f5 32. fxg5 hxg5 {[%emt 0:00:20] [#]} 33. Rcd1 $1 (33. Qxg5 $2 Nf3+ 34. gxf3 Rg8 $19) 33... Rxd1 34. Rxd1 Qe7 (34... Rg8 $142) 35. Rd6 Kg7 $2 (35... Ng6 $16 {is a better chance.}) 36. Qd3 $2 (36. Rxe6 $18 {is the precise move to win.} Qxe6 37. Qxg5+ Ng6 38. g4 fxg4 39. hxg4) 36... Ng6 37. g3 {[%emt 0:01:37] Repels Nf4} (37. Bb3 $16 Nf4 (37... Bxb3 $2 {too greedy.} 38. Rd7 $18) 38. Qd2) 37... c4 38. Qd4 Rh8 $2 ({Black should try} 38... Rc8 $14) 39. Kg2 $2 (39. Rxe6 $18 Qxe6 40. Bxf5 Qxf5 41. e6+ Ne5 (41... Kh6 $2 42. Qg7+ Kh5 43. g4+ Kh4 44. gxf5 $18) 42. Qxe5+ Qxe5 43. Bxe5+ Kf8 44. Bxh8) 39... Qb7+ 40. Kh2 $2 {[%emt 0:01:00][%mdl 8192] [#]} (40. Be4 $11 fxe4 41. Rxe6 e3+ 42. Kh2 Rxh3+ (42... e2 $2 43. Rd6 $18) 43. Kxh3 Nf4+ 44. gxf4 Qf3+ 45. Kh2 Qf2+ 46. Kh3 Qh4+ 47. Kg2 Qf2+ 48. Kh3) 40... Rxh3+ $3 {[%mdl 512] Weighted Error Value: White=0.70/Black=0.49  Loses game:     	White=1     	Black=2      Missed win:     	White=2     	---        Mistake:       	White=3     	Black=4      Inaccurate:     	White=1     	Black=2      OK:         	White=10    	Black=6      Best:        	White=2     	Black=3      Strong:       	White=2     	---        Brilliant:      	---       	Black=1} 0-1

[Event "FIDE WSTC Open 50 2025"]
[Site "Prague"]
[Date "2025.02.24"]
[Round "7.14"]
[White "Petursson, Margeir"]
[Black "Van Haastert, Edwin"]
[Result "1/2-1/2"]
[Annotator "TA"]
[ECO "A06"]
[WhiteElo "2403"]
[BlackElo "2408"]
[PlyCount "42"]
[EventDate "2025.02.17"]
[EventType "team-tourn"]
[EventCountry "CZE"]
[SourceTitle "playchess.com"]
[Source "ChessBase"]
[SourceQuality "1"]
[TimeControl "40/5400+30:1800+30"]

1. Nf3 d5 2. g3 g6 3. Bg2 Bg7 4. c4 dxc4 5. Na3 e5 6. O-O Nc6 7. Nxc4 Nge7 8. d3 O-O {[%emt 0:00:24] A20: English Opening: 1...e5.} 9. Bd2 Re8 10. b4 a6 {[%emt 0:00:48] The position is equal.} 11. Rc1 Rb8 $146 ({Predecessor:} 11... h6 12. a4 Nf5 13. Re1 Rb8 14. Bc3 Nd6 15. Nxd6 cxd6 16. b5 axb5 17. axb5 Ne7 {½-½ Grandelius,N (2651)-Hansen,S (2552) EU-ch Online 2300+ Final 2020 (4)}) 12. a3 Nf5 13. Ng5 Ncd4 14. Ne4 Nd6 15. Ncxd6 cxd6 16. Nc3 Be6 17. Nd5 Rc8 (17... e4 $1 $11 18. e3 Bxd5 19. exd4 Bxd4) 18. Rxc8 Qxc8 19. e3 Bg4 $1 20. f3 Be6 21. Nc3 Nb5 {[%emt 0:05:16] Weighted Error Value: White=0.13 (very precise) /Black=0.17 (very precise)   Mistake:       	---       	Black=1      Inaccurate:     	White=4     	Black=1      OK:         	White=4     	Black=3      Strong:       	---       	Black=1} 1/2-1/2

[Event "FIDE WSTC Open 50 2025"]
[Site "Prague"]
[Date "2025.02.24"]
[Round "7.15"]
[White "Roobol, Martin"]
[Black "Olafsson, Helgi"]
[Result "1/2-1/2"]
[Annotator "TA"]
[ECO "B23"]
[WhiteElo "2242"]
[BlackElo "2466"]
[PlyCount "62"]
[EventDate "2025.02.17"]
[EventType "team-tourn"]
[EventCountry "CZE"]
[SourceTitle "playchess.com"]
[Source "ChessBase"]
[SourceQuality "1"]
[TimeControl "40/5400+30:1800+30"]

1. e4 c5 2. Nc3 a6 3. g3 b5 4. Bg2 Bb7 5. Nge2 e6 6. d4 b4 7. Na4 cxd4 8. Nxd4 Nf6 9. O-O d6 {[%emt 0:06:14] B43: Sicilian: Kan Variation: 5 Nc3.} (9... Bxe4 $11 10. Bxe4 Nxe4) 10. Re1 $16 {[%emt 0:05:23] e5 is the strong threat.} e5 11. Nf5 Bc6 $146 {[%emt 0:05:39] [#] White is clearly better.} (11... g6 12. Ne3 Bc6 13. c4 Be7 14. Nd5 Bxd5 15. exd5 Nbd7 16. c5 dxc5 17. d6 Bf8 18. f4 Rb8 19. fxe5 Nh5 20. Bc6 Rc8 21. Qd5 Bg7 22. Bxd7+ Qxd7 23. Nb6 {1-0 Bodnaruk,A (2437)-Koneru,H (2472) Hengshui IMSA rapid (Women) 2019 (7)}) 12. c3 $1 a5 13. a3 (13. Bg5 $16) 13... bxa3 (13... b3 $1 $11 {keeps the balance.}) 14. Rxa3 (14. Bg5 {seems wilder.} g6 15. Nh6 Nbd7 16. Rxa3 Qc7 17. Qf3) 14... h6 {[%emt 0:04:21] Prevents Bg5} (14... g6 $142) 15. c4 {[%emt 0:04:34] White is much more active.} g6 16. Ne3 $36 {[%emt 0:00:37][%mdl 2048] Keeping Black busy.} Bg7 17. Nd5 ({White should try} 17. c5) 17... O-O {[%emt 0:06:35] [#]} ({Black should play} 17... Nbd7) 18. Nxf6+ $1 Qxf6 19. Nb6 {[%emt 0:00:07] Prevents Nd7.} Ra6 20. Nd5 {[%emt 0:00:05][%csl Od5] Strong Square White (d5)} Qd8 21. Bd2 Ra8 22. Qa1 a4 23. b3 (23. b4 Nd7 24. Qa2 h5) 23... Nd7 24. bxa4 Nc5 25. a5 f5 26. exf5 gxf5 27. Be3 e4 28. Bd4 Rxa5 29. Bxg7 (29. Rxa5 $18 Bxd4 30. Qxd4 Qxa5 31. Rd1) 29... Rxa3 30. Qxa3 Kxg7 31. Nf4 Qe7 {[%emt 0:01:52] Weighted Error Value: White=0.25 (precise) /Black=0.26 (precise)   Mistake:       	White=3     	Black=3      Inaccurate:     	---       	Black=1      OK:         	White=11    	Black=8      Best:        	White=1     	Black=1} 1/2-1/2

[Event "FIDE WSTC Open 50 2025"]
[Site "Prague"]
[Date "2025.02.24"]
[Round "7.16"]
[White "Arnason, Jon L"]
[Black "Kindt, Manfred"]
[Result "1-0"]
[Annotator "TA"]
[ECO "C83"]
[WhiteElo "2405"]
[BlackElo "2049"]
[PlyCount "91"]
[EventDate "2025.02.17"]
[EventType "team-tourn"]
[EventCountry "CZE"]
[SourceTitle "playchess.com"]
[Source "ChessBase"]
[SourceQuality "1"]
[TimeControl "40/5400+30:1800+30"]

1. e4 e5 2. Nf3 Nc6 3. Bb5 a6 4. Ba4 Nf6 5. O-O Nxe4 6. d4 b5 7. Bb3 d5 8. dxe5 Be6 9. c3 Be7 10. Qe2 O-O 11. Rd1 Nc5 12. Bc2 Qd7 13. Be3 {[%emt 0:09:23] C83: Open Ruy Lopez: 9 c3 Be7.} (13. Nd4 $14) 13... Rfd8 $146 ({Predecessor:} 13... Rad8 14. Nbd2 Bf5 15. Nb3 Bxc2 16. Qxc2 Ne6 17. Rd2 f5 18. Rad1 f4 19. Rxd5 Qxd5 20. Rxd5 Rxd5 {½-½ Shamkovich,L-Kortschnoj,V Moscow Training 1966 (6)}) 14. b4 Na4 15. Bb3 {[%emt 0:00:55] The position is equal.} Qe8 16. Qc2 h6 17. Nbd2 Nb6 18. Bxb6 cxb6 19. Nf1 Rac8 20. Qe2 f6 21. Ne3 Qf7 22. exf6 Bxf6 23. Rac1 d4 24. Bxe6 Qxe6 25. cxd4 Nxd4 26. Nxd4 Rxd4 27. Rxc8+ Qxc8 28. Nd5 Rxd1+ 29. Qxd1 $11 {[%emt 0:00:05][%mdl 4096] Endgame KQB-KQN} Qd8 (29... Qc4 $11) 30. g3 $16 {[%emt 0:01:00] White is more active.} Kh8 31. Qd3 Qd6 32. Kg2 ({Better is} 32. Qe4 $16) 32... Qc6 33. Qf5 a5 34. Kh3 Bc3 ({Black should play} 34... Bd4 $11) 35. bxa5 bxa5 36. Nxc3 Qxc3 37. Qxb5 $14 {[%emt 0:00:05] KQ-KQ. White is a pawn up.} Qe1 38. Qb8+ (38. Kg2 $16) 38... Kh7 $11 39. Qb6 Qd2 (39... Qf1+ $11 40. Kh4 Qc4+ 41. g4 Qxa2) 40. Qb1+ $16 Kh8 {[%emt 0:00:16] [#]} 41. Kg2 $1 Qd5+ 42. Kg1 a4 43. a3 Qb3 44. Qc1 Qf3 $2 {[%emt 0:02:59] [#]} (44... Kg8 $16 {was worth a try.}) 45. Qc8+ $18 Kh7 46. Qc2+ {[%emt 0:00:06] Weighted Error Value: White=0.13 (very precise) /Black=0.31  Loses game:     	---       	Black=1      Mistake:       	White=2     	Black=3      Inaccurate:     	White=1     	---        OK:         	White=10    	Black=10     Best:        	White=7     	Black=2      Strong:       	White=1     	---} 1-0

[Event "FIDE WSTC Open 50 2025"]
[Site "Prague"]
[Date "2025.02.24"]
[Round "7.17"]
[White "Wang, Pin"]
[Black "Haba, Petr"]
[Result "1/2-1/2"]
[Annotator "TA"]
[ECO "B47"]
[WhiteElo "2389"]
[BlackElo "2442"]
[PlyCount "33"]
[EventDate "2025.02.17"]
[EventType "team-tourn"]
[EventCountry "CZE"]
[SourceTitle "playchess.com"]
[Source "ChessBase"]
[SourceQuality "1"]
[TimeControl "40/5400+30:1800+30"]

1. e4 c5 2. Nf3 e6 3. d4 cxd4 4. Nxd4 Nc6 5. Nc3 Qc7 6. Be2 a6 7. O-O Nf6 8. Kh1 Nxd4 9. Qxd4 Bc5 10. Qd3 b5 11. f4 Bb7 12. Bf3 {[%emt 0:02:25] The position is equal.} d5 {[%emt 0:01:03] B47: Sicilian: Taimanov: 5 Nc3 Qc7 6 f4, 6 g3 and 6 Be2.} 13. exd5 {[%emt 0:11:16][%cal Od5d6] aiming for d6!.} O-O 14. dxe6 Rad8 $1 15. Qe2 Rde8 16. Bxb7 $146 ({Predecessor:} 16. f5 fxe6 17. Bf4 Bxf3 18. Qxf3 Qc8 19. fxe6 Qxe6 20. h3 b4 21. Na4 Ba7 22. Qb3 Qxb3 23. cxb3 {½-½ Ylipartanen,J (2063)-Rozhnev,I (2193) W-Cup22 WS09 email 2017}) 16... Qxb7 17. Qf3 {[%emt 0:01:07] Not much happened in this game.   Weighted Error Value: White=0.05 (flawless) /Black=0.00 (flawless)   OK:         	White=2     	Black=2      Strong:       	---       	Black=1} 1/2-1/2